 Dungeon Crawl Stone Soup version 0.24.1-8-ga250c9d538 (webtiles) character file.

Game seed: 2422283077131269836, levelgen mode: deterministic

3014 Hugehornet the Changer (level 9, -11/58 HPs)
             Began as an Octopode Transmuter on May 9, 2020.
             Was a Follower of Cheibriados.
             Mangled by Harold
             ... wielding a +2 halberd of flaming
              (22 damage)
             ... on level 8 of the Dungeon.
             The game lasted 00:38:01 (13531 turns).

Hugehornet the Changer (Octopode Transmuter)       Turns: 13531, Time: 00:38:02

Health: -11/58     AC:  1    Str: 13    XL:     9   Next: 85%
Magic:  9/18       EV: 13    Int: 21    God:    Cheibriados [*.....]
Gold:   568        SH:  3    Dex: 15    Spells: 1/20 levels left

rFire    . . .     SeeInvis .     - Unarmed
rCold    . . .     Gourm    .   (no shield)
rNeg     . . .     Faith    .   (helmet restricted)
rPois    .         Spirit   .   h - +3 amulet of reflection
rElec    .         Reflect  +   (no ring)
rCorr    .         Harm     .   (no ring)
MR       .....                  (no ring)
Stlth    ++........             (no ring)
HPRegen  0.19/turn              (no ring)
MPRegen  0.16/turn              (no ring)
                                (no ring)
                                (no ring)

@: very slow
A: almost no armour, stealthy swim, amphibious, 8 rings, constrict 8, tentacle
spike 1, camouflage 1, robust 1, gelatinous body 1
a: Bend Time, Renounce Religion


You were on level 8 of the Dungeon.
You worshipped Cheibriados.
Cheibriados was aware of your devotion.
You were very hungry.

You visited 2 branches of the dungeon, and saw 9 of its levels.
You also visited: Ossuary.

You collected 568 gold pieces.

Inventory:

Missiles
 a - 135 arrows
Armour
 u - a +0 buckler
Jewellery
 h - a +3 amulet of reflection (around mantle)
 j - an uncursed amulet of the acrobat
Wands
 p - a wand of acid (13)
 r - a wand of flame (31)
Scrolls
 b - a scroll of amnesia {unknown}
 d - 5 scrolls of teleportation
 e - 8 scrolls of remove curse
 i - a scroll of vulnerability {unknown}
 k - 3 scrolls of enchant weapon {unknown}
 q - 2 scrolls of magic mapping
 s - 2 scrolls of enchant armour {unknown}
 t - a scroll of immolation {unknown}
Potions
 f - 5 potions of curing
 g - 2 potions of lignification
 l - 3 potions of agility
 m - a potion of invisibility
 o - a potion of might {unknown}
Comestibles
 c - 10 rations


   Skills:
 - Level 1.0 Fighting
 - Level 2.0 Dodging
 + Level 6.0 Unarmed Combat
 + Level 6.0 Spellcasting
 - Level 3.2 Conjurations
 - Level 1.1 Hexes
 - Level 1.0 Translocations
 * Level 7.6 Transmutations
 - Level 3.0 Fire Magic
 * Level 3.0 Ice Magic
 - Level 3.0 Air Magic
 - Level 3.0 Poison Magic
 + Level 0.0 Invocations


You had one spell level left.
You knew the following spells:

 Your Spells              Type           Power        Failure   Level  Hunger
a - Beastly Appendage     Tmut           #####.       1%          1    None
b - Sticks to Snakes      Tmut           #####...     1%          2    None
c - Spider Form           Tmut/Pois      ####......   3%          3    ##.....
d - Blink                 Tloc           N/A          10%         2    None
e - Mephitic Cloud        Conj/Pois/Air  ###.....     9%          3    ##.....
f - Conjure Flame         Conj/Fire      ###.....     8%          3    ##.....
g - Confusing Touch       Hex            ##....       6%          1    None
h - Ice Form              Ice/Tmut       ####....     11%         4    ####...

Your spell library contained the following spells:

 Spells                   Type           Power        Failure   Level  Hunger
 Magic Dart               Conj           ###.         2%          1    None
 Slow                     Hex            ##......     10%         2    None
 Blade Hands              Tmut           #####.....   12%         5    #####..
 Call Imp                 Summ           #.......     14%         2    None
 Confuse                  Hex            ##......     19%         3    ##.....
 Gell's Gravitas          Tloc           ##........   19%         3    ##.....
 Petrify                  Tmut/Erth      ###.....     21%         4    ####...
 Yara's Violent Unravell  Hex/Tmut       ###.......   41%         5    #####..
 Metabolic Englaciation   Hex/Ice        ###.......   75%         5    #####..


Dungeon Overview and Level Annotations

Branches:
Dungeon (8/15)             Temple (1/1) D:4         Ossuary (visited)
   Lair: D:8-11

Altars:
Ashenzari
Cheibriados
Fedhas
Gozag
Hepliaklqana
Makhleb
Nemelex Xobeh
Okawaru
Qazlal
Ru
Sif Muna
Trog
Uskayaw
Vehumet
Wu Jian
Xom
Yredelemnul
Zin
The Shining One

Annotations:
D:8 Harold


Innate Abilities, Weirdness & Mutations

You cannot wear most types of armour.
You are very stealthy in the water. (Stealth+)
You are amphibious.
You can wear up to eight rings at the same time.
You can use your tentacles to constrict eight enemies at once.
Your skin changes colour to match your surroundings (Stealth+).
Your rubbery body absorbs attacks. (AC +1, EV +1)
One of your tentacles bears a spike.
You are robust. (+10% HP)


Message History

You hear an angry squeal.
You hear a shout!
Your adder bites Harold but does no damage. x3
Your adder bites Harold but does no damage.
Harold is engulfed in noxious fumes.
Harold appears confused.
Harold barely misses your adder.
Your adder bites Harold but does no damage.
Harold is engulfed in noxious fumes.
Casting: Mephitic Cloud (safe; 9% risk of failure)
Confirm with . or Enter, or press ? or * to list all spells.
Aiming: Conjure Flame (safe; 8% risk of failure)
Press: ? - help, Dir - move target cursor The fire ignites!
Harold seems less confused.
Harold is engulfed in blazing flames.
Unknown command.
Harold hits you from afar with a +2 halberd of flaming!
* * * LOW HITPOINT WARNING * * *
Harold burns you.
* * * LOW HITPOINT WARNING * * *
Harold hits you from afar with a +2 halberd of flaming!!
You die...

#...# #.# #####.##
#....SS#
#.###S###############
#ยง##............#
#@##..#########.#
##.##..##### ##.###
#..@(......# #.....
#####..###.####..###
#............#
#..###.#####.#
#............#
##.#...#######
#.#....# ##.#.#.#
###.#.#


You could see Harold and 2 friendly adders.

Vanquished Creatures
  Joseph (D:7)
  4 necrophages
  An ice beast (D:6)
  An ogre (D:6)
  A centaur (D:5)
  The ghost of Hugehornet the Insei, an amateur OpTm (D:3)
  3 bullfrogs
  2 scorpions
  5 killer bees (D:8)
  3 wights (D:8)
  A centaur zombie (D:8)
  A crimson imp (D:6)
  A jelly (D:4)
  2 hounds (D:7)
  5 orc wizards
  2 centaur skeletons
  2 bullfrog skeletons
  2 orc priests (D:6)
  Jessica (D:7)
  Natasha (thrice) (D:4)
  5 worker ants
  A hound zombie (D:7)
  8 mummies (Ossuary)
  3 worker ant zombies
  A gnoll (D:3)
  A howler monkey skeleton (D:4)
  14 adders
  2 shadow imps
  An adder zombie (D:8)
  3 dart slugs
  6 leopard geckos
  25 orcs
  4 bats (D:2)
  3 giant cockroaches
  5 goblins
  9 hobgoblins
  9 jackals
  3 quokkas
  6 frilled lizards
  A gnoll zombie (Ossuary)
  3 hobgoblin zombies (Ossuary)
  10 kobolds
  A kobold zombie (Ossuary)
  A leopard gecko skeleton (D:6)
  3 orc zombies (Ossuary)
  A quokka skeleton (D:4)
  A quokka zombie (D:7)
  3 rats
  2 rat zombies (D:4)
  A plant (Temple)
178 creatures vanquished.

Vanquished Creatures (collateral kills)
  An orc warrior (D:8)
  3 ice beasts
  An ogre (D:8)
  An orc wizard (D:8)
6 creatures vanquished.

Vanquished Creatures (others)
  A withered plant (D:8)
1 creature vanquished.

Grand Total: 185 creatures vanquished

Notes
Turn   | Place    | Note
-------+----------+-------------------------------------------
     0 | D:1      | Hugehornet the Octopode Transmuter began the quest for the
                  | Orb.
     0 | D:1      | Reached XP level 1. HP: 13/13 MP: 3/3
   331 | D:1      | Reached XP level 2. HP: 14/18 MP: 3/5
   337 | D:1      | Learned a level 2 spell: Sticks to Snakes
   936 | D:2      | Reached skill level 3 in Transmutations
   936 | D:2      | Reached XP level 3. HP: 18/23 MP: 4/6
   941 | D:2      | Learned a level 3 spell: Spider Form
  1128 | D:2      | Reached skill level 1 in Poison Magic
  1687 | D:3      | Reached XP level 4. HP: 22/28 MP: 7/7
  1773 | D:3      | Found an opulent altar of Gozag.
  2072 | D:3      | Learned a level 2 spell: Blink
  2076 | D:3      | Reached XP level 5. HP: 30/33 MP: 7/9
  2439 | D:3      | Found a runed translucent door.
  2441 | D:3      | Noticed Hugehornet's ghost (amateur OpTm)
  2485 | D:3      | Reached skill level 1 in Translocations
  2986 | D:3      | Killed Hugehornet's ghost
  2986 | D:3      | Reached XP level 6. HP: 28/38 MP: 3/10
  2991 | D:3      | Learned a level 3 spell: Mephitic Cloud
  3205 | D:4      | Found a staircase to the Ecumenical Temple.
  3214 | Temple   | Entered the Ecumenical Temple
  3580 | D:4      | Found a sand-covered staircase.
  3587 | Ossuary  | Entered an ossuary
  3987 | Ossuary  | Reached skill level 1 in Conjurations
  3987 | Ossuary  | Reached skill level 1 in Air Magic
  4419 | Ossuary  | Reached skill level 4 in Transmutations
  5064 | D:4      | Reached XP level 7. HP: 27/43 MP: 10/12
  5853 | D:4      | Noticed Natasha
  5862 | D:4      | Killed Natasha
  6207 | D:4      | Found a radiant altar of Vehumet.
  6997 | D:4      | Noticed Natasha
  7002 | D:4      | Killed Natasha
  7054 | D:4      | Noticed Natasha
  7065 | D:4      | Killed Natasha
  7320 | D:5      | Entered Level 5 of the Dungeon
  7937 | D:5      | Learned a level 3 spell: Conjure Flame
  8231 | D:5      | Reached skill level 1 in Fire Magic
  8231 | D:5      | Reached XP level 8. HP: 34/48 MP: 12/14
  8672 | D:5      | Reached skill level 5 in Unarmed Combat
  9846 | D:6      | Gained mutation: You are robust. (+10% HP) [potion of
                  | mutation]
  9846 | D:6      | Gained mutation: One of your tentacles bears a spike.
                  | [potion of mutation]
  9922 | D:6      | Learned a level 1 spell: Confusing Touch
 10334 | D:6      | Reached skill level 1 in Hexes
 10334 | D:6      | Reached skill level 5 in Transmutations
 10881 | D:7      | Found Afuebob's Book Shop.
 10959 | D:7      | Reached skill level 5 in Spellcasting
 11060 | D:7      | Noticed Joseph
 11087 | D:7      | Killed Joseph
 11087 | D:7      | Reached skill level 6 in Transmutations
 11087 | D:7      | Reached XP level 9. HP: 7/58 MP: 14/17
 11089 | D:7      | HP: 1/58 [ice beast (10)]
 11448 | D:7      | Found a sparkling altar of Nemelex Xobeh.
 11597 | D:7      | Found a burning altar of Makhleb.
 11600 | D:7      | Found a hazy altar of Hepliaklqana.
 11603 | D:7      | Found a snail-covered altar of Cheibriados.
 11611 | D:7      | Became a worshipper of Cheibriados the Contemplative
 11762 | D:7      | Found a sparkling altar of Nemelex Xobeh.
 11762 | D:7      | Noticed Jessica
 11765 | D:7      | Killed Jessica
 12034 | D:8      | Found a shimmering altar of Xom.
 12263 | D:8      | Learned a level 4 spell: Ice Form
 12396 | D:8      | Reached skill level 1 in Ice Magic
 12426 | D:8      | Reached skill level 7 in Transmutations
 12488 | D:8      | Reached * piety under Cheibriados
 12547 | D:8      | HP: 2/58 [orc/+0 flail (11)]
 13511 | D:8      | Noticed Harold
 13531 | D:8      | Mangled by Harold

Levels and vault maps discovered:
D:1:      onia_arrival_pyramid, layout_basic, hangedman_decor_lopped
D:2:      layout_loops_ring
D:3:      layout_loops_ring, lemuel_doored_altar, ebering_ghost_reflecting_pool,
          minmay_unequal
D:4:      layout_basic, lemuel_coloured_pillars_altar, temple_pool_b,
          first_ration, enter_ossuary_4, uniq_natasha
D:5:      layout_rooms
D:6:      layout_loops_corners
D:7:      layout_basic, grunt_temple_overflow_diamond,
          overflow_temple_1_default, serial_shops, shop,
          nemelex_lonely_heart_becter, uniq_joseph
D:8:      layout_loops_ring, lemuel_crystal_altar,
          gammafunk_temple_overflow_elements, serial_undead, serial_undead_c,
          serial_undead_c, serial_undead_f, serial_undead_d, serial_undead_f,
          grunt_livestock, uniq_harold
Temple:   minmay_temple_forest_path

Skill      XL: |  1  2  3  4  5  6  7  8  9 |
---------------+----------------------------+-----
Transmutations | 3 4 6 7 |  7.6
Poison Magic   | 1 2 3 |  3.0
Spellcasting   | 3 4 5 6 |  6.0
Translocations | 1 |  1.0
Unarmed Combat | 4 5 6 |  6.0
Conjurations   | 1 3 |  3.2
Air Magic      | 1 3 |  3.0
Fire Magic     | 1 3 |  3.0
Hexes          | 1 |  1.1
Ice Magic      | 3 |  3.0
Fighting       | |  1.0
Dodging        | |  2.0

Action                   |  1- 3 |  4- 6 |  7- 9 || total
-------------------------+-------+-------+-------++-------
Melee: Unarmed           |    71 |   159 |   335 ||   565
       Constrict         |    23 |    41 |    58 ||   122
       Kick              |    22 |    43 |    71 ||   136
       Tentacles         |     6 |    27 |    69 ||   102
       Punch             |     1 |     4 |    15 ||    20
 Cast: Beastly Appendage |    23 |    36 |    24 ||    83
       Sticks to Snakes  |       |     3 |    29 ||    32
       Spider Form       |       |     2 |     5 ||     7
       Conjure Flame     |       |       |     8 ||     8
       Mephitic Cloud    |       |       |     4 ||     4
       Ice Form          |       |       |     1 ||     1
       Confusing Touch   |       |       |     1 ||     1
 Abil: End Transformatio |       |       |     2 ||     2
  Use: Scroll            |     2 |     7 |     4 ||    13
       Potion            |       |     1 |     7 ||     8
 Stab: Sleeping          |     6 |     3 |     5 ||    14
       Distracted        |       |     1 |       ||     1
       Confused          |       |       |     4 ||     4
  Eat: Chunk             |     3 |     7 |    12 ||    22
       Ration            |       |     1 |     4 ||     5
Armor: Skin              |     6 |     4 |    10 ||    20
Dodge: Dodged            |    43 |    65 |   155 ||   263
Block: Other             |       |       |    21 ||    21
       Reflection        |       |       |     2 ||     2
